[ PARTIDA AOE2 · #506245304 ]
UnrankedHunos vs Mapuche
Equipo del jugador · VICT
Equipo rival · DERR
[ ANÁLISIS DE REPETICIÓN · EXTRAÍDO DE LA PARTIDA GRABADA ]
Feudal
11:15
Castillos
20:39
Imperial
40:17
| APM promedio | 75.8 |
| APM pico | 155 |
| eAPM promedio | 38.5 |
| Aldeanos / militares | 115 / 67 |
Foco
⚔️ 25.1% · 🌾 74.9%
Cavalry Archer ×25 · Knight ×24 · Tarkan ×11 · Monk ×3 · Skirmisher ×3 · Mangonel ×1
Feudal
9:46
Castillos
24:30
Imperial
41:30
| APM promedio | 58.9 |
| APM pico | 113 |
| eAPM promedio | 27.8 |
| Aldeanos / militares | 159 / 74 |
Foco
⚔️ 29.0% · 🌾 71.0%
Archer ×41 · Spearman ×21 · Unknown (2550) ×19 · Monk ×5 · Mangonel ×3 · Skirmisher ×3
Mapa de la partida
Recursos iniciales + cada clic de construcción. Líneas = muros · curvas = relieve. ◆ oro · ⬟ piedra · ● bayas · ✦ reliquia · ◌ hueco del cierre
Tu base· ✓ Cerrada en 20:39 · 58t muro · 7 puerta(s)
Base de Beny· ✓ Cerrada en 24:30 · 1t muro · 2 puerta(s)
Terreno inicial suavizado · ◌ = hueco del cierre detectado · pasá el cursor para detalles
Inputs por minuto
— Penéfago - - Beny
Build order — Penéfago
Primeras 150 de 364 acciones detectadas
| 0:10 | Encolar | Villager (Male) |
| 0:11 | Encolar | Villager (Male) |
| 0:11 | Encolar | Villager (Male) |
| 0:11 | Encolar | Villager (Male) |
| 0:11 | Encolar | Villager (Male) |
| 1:22 | Encolar | Villager (Male) |
| 1:58 | Encolar | Villager (Male) |
| 1:58 | Encolar | Villager (Male) |
| 2:15 | Construir | Lumber Camp |
| 2:19 | Construir | Lumber Camp |
| 2:22 | Encolar | Villager (Male) |
| 2:53 | Encolar | Villager (Male) |
| 3:07 | Encolar | Villager (Male) |
| 3:08 | Encolar | Villager (Male) |
| 3:32 | Encolar | Villager (Male) |
| 4:06 | Encolar | Villager (Male) |
| 4:06 | Encolar | Villager (Male) |
| 4:35 | Encolar | Villager (Male) |
| 4:36 | Encolar | Villager (Male) |
| 4:36 | Encolar | Villager (Male) |
| 4:55 | Encolar | Villager (Male) |
| 5:23 | Construir | Palisade Gate |
| 5:29 | Construir | Palisade Gate |
| 5:35 | Encolar | Villager (Male) |
| 5:47 | Construir | Palisade Gate |
| 5:52 | Construir | Palisade Gate |
| 6:00 | Construir | Palisade Gate |
| 6:02 | Encolar | Villager (Male) |
| 6:09 | Construir | Palisade Wall |
| 6:11 | Construir | Palisade Wall |
| 6:13 | Construir | Palisade Wall |
| 6:25 | Construir | Palisade Wall |
| 6:39 | Construir | Mill |
| 6:48 | Encolar | Villager (Male) |
| 6:55 | Encolar | Villager (Male) |
| 7:50 | Encolar | Villager (Male) |
| 7:50 | Encolar | Villager (Male) |
| 7:50 | Encolar | Villager (Male) |
| 7:56 | Encolar | Villager (Male) |
| 8:34 | Encolar | Villager (Male) |
| 8:41 | Construir | Mining Camp |
| 8:59 | Investigar | Feudal Age |
| 9:41 | Investigar | Loom |
| 9:53 | Construir | Palisade Wall |
| 10:06 | Construir | Palisade Wall |
| 10:07 | Construir | Palisade Wall |
| 10:09 | Construir | Palisade Wall |
| 10:18 | Encolar | Villager (Male) |
| 10:25 | Construir | Mining Camp |
| 10:36 | Encolar | Villager (Male) |
| 10:54 | Construir | Palisade Wall |
| 11:02 | Construir | Farm |
| 11:05 | Construir | Farm |
| 11:10 | Construir | Palisade Wall |
| 11:13 | Construir | Palisade Wall |
| 11:15 | Edad | Edad Feudal |
| 11:18 | Construir | Watch Tower |
| 11:27 | Construir | Blacksmith |
| 11:39 | Encolar | Villager (Male) |
| 11:52 | Construir | Watch Tower |
| 12:03 | Encolar | Villager (Male) |
| 12:16 | Encolar | Villager (Male) |
| 12:18 | Construir | Farm |
| 12:19 | Construir | Farm |
| 12:19 | Construir | Farm |
| 12:20 | Construir | Farm |
| 12:24 | Construir | Farm |
| 12:26 | Investigar | Double-Bit Axe |
| 12:32 | Construir | Watch Tower |
| 12:43 | Encolar | Villager (Male) |
| 12:45 | Investigar | Fletching |
| 12:45 | Investigar | Fletching |
| 12:46 | Investigar | Padded Archer Armor |
| 12:57 | Construir | Watch Tower |
| 13:10 | Encolar | Villager (Male) |
| 13:28 | Construir | Farm |
| 13:38 | Encolar | Villager (Male) |
| 13:49 | Encolar | Villager (Male) |
| 14:22 | Encolar | Villager (Male) |
| 14:28 | Encolar | Villager (Male) |
| 14:38 | Construir | Farm |
| 14:59 | Construir | Barracks |
| 15:01 | Encolar | Villager (Male) |
| 15:23 | Construir | Farm |
| 15:47 | Construir | Farm |
| 15:49 | Construir | Farm |
| 15:56 | Construir | Farm |
| 16:00 | Construir | Watch Tower |
| 16:03 | Encolar | Villager (Male) |
| 16:38 | Construir | Palisade Wall |
| 16:40 | Construir | Palisade Wall |
| 16:42 | Construir | Archery Range |
| 16:46 | Construir | Farm |
| 16:49 | Encolar | Villager (Male) |
| 16:58 | Construir | Palisade Wall |
| 17:11 | Construir | Farm |
| 17:14 | Construir | Farm |
| 17:27 | Construir | Stone Wall |
| 17:34 | Encolar | Villager (Male) |
| 17:45 | Construir | Farm |
| 17:51 | Investigar | Castle Age |
| 18:10 | Encolar | Skirmisher |
| 18:11 | Encolar | Skirmisher |
| 18:12 | Encolar | Skirmisher |
| 18:28 | Investigar | Horse Collar |
| 18:31 | Construir | Farm |
| 18:34 | Construir | Farm |
| 19:31 | Construir | Archery Range |
| 19:37 | Construir | Stone Wall |
| 19:38 | Construir | Stone Wall |
| 19:56 | Construir | Stone Wall |
| 20:05 | Construir | Stone Wall |
| 20:05 | Construir | Stone Wall |
| 20:07 | Construir | Stone Wall |
| 20:11 | Encolar | Villager (Male) |
| 20:23 | Investigar | Gold Mining |
| 20:39 | Edad | Edad de los Castillos |
| 20:43 | Encolar | Cavalry Archer |
| 20:44 | Encolar | Cavalry Archer |
| 20:46 | Construir | Siege Workshop |
| 20:49 | Investigar | Bodkin Arrow |
| 20:50 | Investigar | Bodkin Arrow |
| 21:13 | Encolar | Cavalry Archer |
| 21:14 | Encolar | Cavalry Archer |
| 21:15 | Encolar | Villager (Male) |
| 21:15 | Encolar | Villager (Male) |
| 21:16 | Encolar | Villager (Male) |
| 21:27 | Encolar | Mangonel |
| 21:39 | Construir | Watch Tower |
| 22:09 | Construir | Farm |
| 22:09 | Construir | Farm |
| 22:10 | Encolar | Villager (Male) |
| 22:10 | Encolar | Villager (Male) |
| 22:37 | Construir | Farm |
| 22:38 | Construir | Farm |
| 22:39 | Encolar | Villager (Male) |
| 22:40 | Encolar | Villager (Male) |
| 22:43 | Encolar | Cavalry Archer |
| 22:43 | Encolar | Cavalry Archer |
| 22:59 | Encolar | Villager (Male) |
| 23:05 | Construir | Farm |
| 23:11 | Encolar | Villager (Male) |
| 23:17 | Encolar | Cavalry Archer |
| 23:27 | Encolar | Villager (Male) |
| 23:30 | Encolar | Villager (Male) |
| 23:45 | Construir | Archery Range |
| 24:13 | Encolar | Villager (Male) |
| 24:14 | Encolar | Villager (Male) |
| 24:17 | Encolar | Cavalry Archer |
| 24:17 | Encolar | Cavalry Archer |
Build order — Beny
Primeras 150 de 459 acciones detectadas
| 0:00 | Encolar | Villager (Male) |
| 0:01 | Encolar | Villager (Male) |
| 0:01 | Encolar | Villager (Male) |
| 0:01 | Encolar | Villager (Male) |
| 0:02 | Construir | House |
| 0:03 | Construir | House |
| 1:23 | Encolar | Villager (Male) |
| 1:49 | Construir | Settlement |
| 2:02 | Encolar | Villager (Male) |
| 2:03 | Encolar | Villager (Male) |
| 2:16 | Encolar | Villager (Male) |
| 2:48 | Encolar | Villager (Male) |
| 2:48 | Encolar | Villager (Male) |
| 3:02 | Encolar | Villager (Male) |
| 3:37 | Encolar | Villager (Male) |
| 3:37 | Encolar | Villager (Male) |
| 4:10 | Encolar | Villager (Male) |
| 4:10 | Encolar | Villager (Male) |
| 4:15 | Construir | Settlement |
| 4:30 | Encolar | Villager (Male) |
| 4:30 | Encolar | Villager (Male) |
| 5:02 | Encolar | Villager (Male) |
| 5:02 | Encolar | Villager (Male) |
| 5:17 | Encolar | Villager (Male) |
| 5:25 | Encolar | Villager (Male) |
| 6:16 | Encolar | Villager (Male) |
| 6:44 | Construir | Settlement |
| 6:46 | Encolar | Villager (Male) |
| 6:56 | Encolar | Villager (Male) |
| 7:10 | Encolar | Villager (Male) |
| 7:35 | Investigar | Feudal Age |
| 7:35 | Investigar | Feudal Age |
| 8:12 | Construir | Palisade Wall |
| 8:24 | Encolar | Villager (Male) |
| 8:27 | Construir | Barracks |
| 9:36 | Encolar | Unit 2550 |
| 9:36 | Encolar | Unit 2550 |
| 9:46 | Edad | Edad Feudal |
| 9:49 | Construir | Watch Tower |
| 9:57 | Encolar | Villager (Male) |
| 10:00 | Encolar | Unit 2550 |
| 10:05 | Investigar | Loom |
| 10:15 | Construir | Blacksmith |
| 10:35 | Investigar | Tech 1402 |
| 10:35 | Investigar | Tech 1402 |
| 10:50 | Encolar | Villager (Male) |
| 11:03 | Construir | Settlement |
| 11:17 | Encolar | Villager (Male) |
| 11:33 | Encolar | Villager (Male) |
| 12:04 | Encolar | Villager (Male) |
| 12:15 | Encolar | Villager (Male) |
| 12:29 | Encolar | Villager (Male) |
| 12:34 | Construir | Watch Tower |
| 12:45 | Investigar | Fletching |
| 13:31 | Encolar | Villager (Male) |
| 13:49 | Construir | Watch Tower |
| 13:56 | Encolar | Villager (Male) |
| 14:21 | Construir | Watch Tower |
| 14:24 | Encolar | Villager (Male) |
| 14:36 | Construir | House |
| 14:41 | Investigar | Double-Bit Axe |
| 14:45 | Encolar | Villager (Male) |
| 14:59 | Encolar | Villager (Male) |
| 15:12 | Encolar | Villager (Male) |
| 15:34 | Construir | Archery Range |
| 15:41 | Construir | Farm |
| 15:42 | Construir | Farm |
| 15:42 | Construir | Farm |
| 15:42 | Construir | Farm |
| 15:42 | Construir | Farm |
| 15:42 | Construir | Farm |
| 15:59 | Encolar | Villager (Male) |
| 16:03 | Construir | House |
| 16:06 | Encolar | Archer |
| 16:10 | Encolar | Villager (Male) |
| 16:41 | Encolar | Unit 2550 |
| 16:54 | Encolar | Villager (Male) |
| 16:58 | Construir | Settlement |
| 17:16 | Encolar | Villager (Male) |
| 17:20 | Construir | Farm |
| 17:20 | Construir | Farm |
| 17:20 | Construir | Farm |
| 17:20 | Construir | Farm |
| 17:21 | Construir | Farm |
| 17:21 | Construir | Farm |
| 17:43 | Encolar | Villager (Male) |
| 17:47 | Construir | Farm |
| 17:49 | Encolar | Villager (Male) |
| 18:06 | Construir | Watch Tower |
| 18:10 | Encolar | Archer |
| 18:11 | Encolar | Archer |
| 18:19 | Encolar | Archer |
| 18:31 | Encolar | Villager (Male) |
| 18:34 | Encolar | Archer |
| 18:36 | Encolar | Villager (Male) |
| 18:42 | Construir | Watch Tower |
| 18:56 | Encolar | Villager (Male) |
| 18:58 | Construir | Farm |
| 19:00 | Construir | Farm |
| 19:02 | Construir | Farm |
| 19:07 | Construir | Farm |
| 19:15 | Construir | House |
| 19:15 | Construir | House |
| 19:16 | Construir | House |
| 19:50 | Encolar | Villager (Male) |
| 19:50 | Encolar | Villager (Male) |
| 20:15 | Encolar | Villager (Male) |
| 20:30 | Construir | Market |
| 20:54 | Encolar | Villager (Male) |
| 21:05 | Encolar | Villager (Male) |
| 21:18 | Investigar | Arson |
| 21:18 | Investigar | Arson |
| 21:34 | Construir | Watch Tower |
| 21:41 | Encolar | Villager (Male) |
| 21:42 | Construir | House |
| 21:48 | Investigar | Castle Age |
| 21:49 | Investigar | Castle Age |
| 21:52 | Construir | Farm |
| 21:55 | Construir | Farm |
| 21:57 | Construir | Farm |
| 21:57 | Construir | Farm |
| 21:59 | Encolar | Villager (Male) |
| 22:11 | Encolar | Unit 2550 |
| 22:42 | Encolar | Unit 2550 |
| 22:42 | Encolar | Unit 2550 |
| 22:43 | Encolar | Villager (Male) |
| 22:50 | Encolar | Archer |
| 22:50 | Encolar | Archer |
| 22:58 | Investigar | Scale Mail Armor |
| 22:58 | Investigar | Scale Mail Armor |
| 23:24 | Construir | Barracks |
| 23:24 | Construir | Barracks |
| 23:54 | Encolar | Villager (Male) |
| 24:30 | Edad | Edad de los Castillos |
| 24:36 | Investigar | Tech 1351 |
| 24:36 | Encolar | Villager (Male) |
| 24:37 | Construir | House |
| 24:37 | Construir | House |
| 24:38 | Construir | House |
| 24:41 | Investigar | Chain Mail Armor |
| 24:42 | Investigar | Chain Mail Armor |
| 24:44 | Investigar | Bow Saw |
| 24:49 | Construir | Town Center |
| 24:58 | Investigar | Wheelbarrow |
| 24:58 | Investigar | Wheelbarrow |
| 25:09 | Encolar | Unit 2550 |
| 25:09 | Encolar | Unit 2550 |
| 25:09 | Encolar | Unit 2550 |
| 25:09 | Encolar | Unit 2550 |
| 26:11 | Encolar | Unit 2550 |
Cronología de la partida
| 6:09 | Penéfago · wall_segment Palisade Wall x1 |
| 6:11 | Penéfago · wall_segment Palisade Wall x1 |
| 6:13 | Penéfago · wall_segment Palisade Wall x1 |
| 6:25 | Penéfago · wall_segment Palisade Wall x1 |
| 8:12 | Beny · wall_segment Palisade Wall x1 |
| 8:27 | Beny · first_building Barracks |
| 9:46 | Beny · age_up feudal |
| 9:53 | Penéfago · wall_segment Palisade Wall x5 |
| 10:06 | Penéfago · wall_segment Palisade Wall x7 |
| 10:07 | Penéfago · wall_segment Palisade Wall x2 |
| 10:09 | Penéfago · wall_segment Palisade Wall x8 |
| 10:54 | Penéfago · wall_segment Palisade Wall x4 |
| 11:10 | Penéfago · wall_segment Palisade Wall x5 |
| 11:13 | Penéfago · wall_segment Palisade Wall x7 |
| 11:15 | Penéfago · age_up feudal |
| 14:59 | Penéfago · first_building Barracks |
| 15:34 | Beny · first_building Archery Range |
| 16:38 | Penéfago · wall_segment Palisade Wall x2 |
| 16:40 | Penéfago · wall_segment Palisade Wall x4 |
| 16:42 | Penéfago · first_building Archery Range |
| 16:58 | Penéfago · wall_segment Palisade Wall x1 |
| 17:27 | Penéfago · wall_segment Stone Wall x3 |
| 19:37 | Penéfago · wall_segment Stone Wall x2 |
| 19:38 | Penéfago · wall_segment Stone Wall x1 |
| 19:56 | Penéfago · wall_segment Stone Wall x1 |
| 20:05 | Penéfago · wall_segment Stone Wall x1 |
| 20:05 | Penéfago · wall_segment Stone Wall x1 |
| 20:07 | Penéfago · wall_segment Stone Wall x2 |
| 20:39 | Penéfago · age_up castle |
| 20:46 | Penéfago · first_building Siege Workshop |
| 21:46 | Beny · first_market_buy 100 food |
| 24:30 | Beny · age_up castle |
| 26:42 | Penéfago · first_building Stable |
| 26:59 | Penéfago · first_building Castle |
| 27:09 | Penéfago · wall_segment Palisade Wall x1 |
| 27:14 | Penéfago · wall_segment Stone Wall x1 |
| 27:34 | Beny · first_building Siege Workshop |
| 28:48 | Beny · first_building Monastery |
| 33:03 | Penéfago · first_building Monastery |
| 35:50 | Penéfago · wall_segment Stone Wall x1 |
| 40:17 | Penéfago · age_up imperial |
| 41:21 | Beny · first_building Castle |
| 41:30 | Beny · age_up imperial |
| 41:53 | Beny · wall_segment Palisade Wall x1 |
| 41:57 | Beny · wall_segment Palisade Wall x1 |
| 42:02 | Beny · wall_segment Palisade Wall x1 |
| 42:51 | Beny · resign |
[ ANÁLISIS IA · 1 CRÉDITO ]
¿Qué pasó realmente en esta partida?
Wolo.gg analiza cada decisión: build order, eco, micro, errores típicos por bracket. Análisis personalizado por WhatsApp o Discord en 30 segundos.
Guía civ
Hunos
Perfil
Jugador #4518241